 Dungeon Sprint DCSS version 0.30-a0-341-g682706514a (webtiles) character file.

Game seed: 17541808881014061939

1455 p00ps00p the Fighter (level 8, -1/77 HPs)
             Began as a Demonspawn Fighter on Nov 4, 2022.
             Was an Initiate of Hepliaklqana.
             Slain by a tengu warrior
             ... wielding a +0 long sword
              (12 damage)
             ... in the Dungeon (Sprint IX: "|||||||||||||||||||||||||||||").
             The game lasted 00:05:22 (450 turns).

p00ps00p the Fighter (Demonspawn Fighter)            Turns: 450, Time: 00:05:23

Health: -1/77      AC: 14    Str: 18    XL:     8   Next: 47%
Magic:  8/8        EV:  9    Int: 14    God:    Hepliaklqana [......]
Gold:   0          SH:  6    Dex: 12    Spells: 7/7 levels left

rFire   . . .      SeeInvis .    a - +0 war axe
rCold   . . .      Faith    .    c - +0 buckler
rNeg    . . .      Spirit   .    b - +0 scale mail
rPois   .          Reflect  .    (no helmet)
rElec   .          Harm     .    (no cloak)
rCorr   .          Rampage  .    p - +0 pair of gloves
Will    .....      NoTele   +    (no boots)
Stlth   ..........               (no amulet)
HPRegen 0.32/turn                r - +3 ring of intelligence
MPRegen 0.11/turn                s - +2 ring of protection

@: mighty, hasted, very quick
A: rugged brown scales 3, weakness stinger 2
a: Renounce Religion


You were in the Dungeon.
You worshipped Hepliaklqana.
Hepliaklqana was noncommittal.
You visited 1 branch

Inventory:

Hand Weapons
 a - a +0 war axe (weapon)
 i - a +0 giant club
 o - a +3 war axe of freezing
Missiles
 k - 5 stones (quivered)
Armour
 b - a +0 scale mail (worn)
 c - a +0 buckler (worn)
 p - a +0 pair of gloves (worn)
 q - a +0 plate armour
Jewellery
 r - a +3 ring of intelligence (left hand)
 s - a +2 ring of protection (right hand)
Wands
 n - a wand of iceblast (1)
Scrolls
 m - 2 scrolls of amnesia
Potions
 e - 2 potions of curing
 h - 4 potions of magic


   Skills:
 + Level 10.1 Fighting
 + Level 9.0 Axes
 + Level 9.2 Armour
 + Level 9.2 Shields


You had 7 spell levels left.
You didn't know any spells.
Your spell library was empty.

Dungeon Overview and Level Annotations

Branches:
Dungeon (1/1)

Altars:
Cheibriados
Dithmenos
Fedhas
Gozag
Hepliaklqana
Kikubaaqudgha
Makhleb
Nemelex Xobeh
Okawaru
Qazlal
Ru
Sif Muna
Trog
Uskayaw
Vehumet
Wu Jian
Xom
Yredelemnul
Jiyva
Lugonu


Innate Abilities, Weirdness & Mutations

You are completely covered in rugged brown scales. (AC +3, +7% HP)
You have a tail ending in a sharp stinger.


Message History

The tengu warrior hits you with a +0 long sword.
* * * LOW HITPOINT WARNING * * *
You block the tengu warrior's attack. The tengu warrior barely misses you.
You feel better.
You feel better.
The tengu conjurer mumbles some strange words.
The tengu conjurer conjures a globe of magical energy!
You block the tengu warrior's attack. The tengu warrior pecks you.
* * * LOW HITPOINT WARNING * * *
The tengu warrior claws you but does no damage.
A battlesphere comes into view.
You closely miss the tengu warrior.
The tengu warrior is almost dead.
You block the tengu warrior's attack.
The tengu warrior pecks you but does no damage.
The tengu warrior claws you but does no damage.
You slash the tengu warrior!
You tail-slap the tengu warrior, but do no damage.
The tengu warrior is almost dead.
You closely miss the tengu warrior.
Your tail-slap misses the tengu warrior.
The tengu warrior is almost dead.
The tengu warrior hits you with a +0 long sword.
* * * LOW HITPOINT WARNING * * *
The tengu warrior pecks you but does no damage.
The tengu warrior claws you.
* * * LOW HITPOINT WARNING * * *
The boulder beetle curls into a ball and begins rolling!
You hit the tengu warrior.
You kill the tengu warrior!
The boulder beetle stops rolling and uncurls.
Your Fighting skill increases to level 10!
Your Axes skill increases to level 9!
Your Armour skill increases to level 9!
Your Shields skill increases to level 9!
You have reached level 8!
You feel clever.
The tengu warrior blocks your attack. x2
The boulder beetle curls into a ball and begins rolling!
The tengu warrior hits you with a +0 long sword!
You die...

▓.▓
▓)▓
▓.▓
▓)▓
▓.▓
▓.▓
▓.▓
▓.▓
▓@▓
▓Q▓
▓c▓
▓c▓
▓.▓
▓B▓
▓Q▓
▓*▓
▓.▓


You could see a boulder beetle (rolling), a tengu warrior, a centaur warrior, a
tengu conjurer, a centaur and a battlesphere (distracted).

Vanquished Creatures
  A tengu warrior (D)
  A hornet (D)
  A yak (D)
  2 acid dragons (D)
  A black bear (D)
  An ogre (D)
  A centaur (D)
  A hound (D)
  An iguana (D)
  An adder (D)
  A dart slug (D)
  A ball python (D)
  2 goblins (D)
  A kobold (D)
16 creatures vanquished.

Vanquished Creatures (others)
  A yak (D)
1 creature vanquished.

Grand Total: 17 creatures vanquished

Notes
Turn   | Place    | Note
-------+----------+-------------------------------------------
     0 | D        | p00ps00p the Demonspawn Fighter began the quest for the
                  | Orb.
     0 | D        | Reached XP level 1. HP: 18/18 MP: 1/1
    39 | D        | Noticed a hound
    39 | D        | Noticed an ogre
    39 | D        | Noticed an iguana
    39 | D        | Noticed a black bear
    46 | D        | Killed a hound
    47 | D        | Reached skill level 4 in Fighting
    47 | D        | Gained mutation: You have a small tail. [demonic ancestry]
    47 | D        | Reached XP level 2. HP: 19/26 MP: 2/2
    47 | D        | Gained mutation: You are partially covered in rugged brown
                  | scales. (AC +1, +3% HP) [demonic ancestry]
    47 | D        | Reached XP level 3. HP: 19/31 MP: 3/3
    51 | D        | Killed an ogre
    52 | D        | Reached skill level 5 in Fighting
    52 | D        | Reached skill level 5 in Armour
    52 | D        | Reached skill level 5 in Shields
    52 | D        | Reached XP level 4. HP: 27/41 MP: 4/4
    56 | D        | Reached skill level 6 in Fighting
    56 | D        | Reached skill level 5 in Axes
    56 | D        | Gained mutation: You are mostly covered in rugged brown
                  | scales. (AC +2, +5% HP) [demonic ancestry]
    56 | D        | Reached XP level 5. HP: 23/48 MP: 5/5
    59 | D        | Killed a black bear
   182 | D        | Found a snail-covered altar of Cheibriados.
   182 | D        | Found a shadowy altar of Dithmenos.
   182 | D        | Found a blossoming altar of Fedhas.
   182 | D        | Found an opulent altar of Gozag.
   183 | D        | Found a hazy altar of Hepliaklqana.
   184 | D        | Found a viscous altar of Jiyva.
   185 | D        | Found an ancient bone altar of Kikubaaqudgha.
   186 | D        | Found a corrupted altar of Lugonu.
   187 | D        | Found a burning altar of Makhleb.
   188 | D        | Found a sparkling altar of Nemelex Xobeh.
   189 | D        | Found an iron altar of Okawaru.
   190 | D        | Found a stormy altar of Qazlal.
   191 | D        | Found a sacrificial altar of Ru.
   192 | D        | Found a shimmering blue altar of Sif Muna.
   193 | D        | Found a bloodstained altar of Trog.
   194 | D        | Found a hide-covered altar of Uskayaw.
   195 | D        | Found a radiant altar of Vehumet.
   196 | D        | Found an ornate altar of the Wu Jian Council.
   197 | D        | Found a shimmering altar of Xom.
   198 | D        | Found a basalt altar of Yredelemnul.
   221 | D        | Became a worshipper of Hepliaklqana the Forgotten
   267 | D        | Noticed a yak
   267 | D        | Noticed a yak
   267 | D        | Noticed an acid dragon
   267 | D        | Noticed a hornet
   267 | D        | Noticed an acid dragon
   267 | D        | Noticed a centaur
   275 | D        | Killed a yak
   279 | D        | Killed a yak
   280 | D        | Reached skill level 7 in Fighting
   280 | D        | Gained mutation: You are completely covered in rugged brown
                  | scales. (AC +3, +7% HP) [demonic ancestry]
   280 | D        | Reached XP level 6. HP: 25/59 MP: 6/6
   283 | D        | Killed an acid dragon
   284 | D        | Reached skill level 8 in Fighting
   287 | D        | Killed a hornet
   288 | D        | Gained mutation: You have a tail ending in a sharp stinger.
                  | [demonic ancestry]
   288 | D        | Reached XP level 7. HP: 41/67 MP: 7/7
   291 | D        | Reached skill level 9 in Fighting
   403 | D        | Noticed a tengu warrior
   403 | D        | Noticed a tengu warrior
   403 | D        | Noticed a centaur warrior
   403 | D        | Noticed a tengu conjurer
   403 | D        | Noticed a boulder beetle
   449 | D        | Killed a tengu warrior
   450 | D        | Reached skill level 10 in Fighting
   450 | D        | Reached XP level 8. HP: 11/77 MP: 8/8
   450 | D        | Slain by a tengu warrior

Illustrated notes

Levels and vault maps discovered:
D:        linesprint [early_d, line_temple, items_1, d_10, items_2, lair_1,
          lair_end, items_3, orc_1, orc_end, items_4, d_15, swamp_1, shoals_1,
          snake_1, spider_1, d_20, vaults_1, items_5, swamp_end, shoals_end,
          snake_end, spider_end, vaults_end, d_27, items_6, zot_1, zot_end,
          crypt_end, forest_end, elf_end, slime_end, tomb_end, abyss_end,
          pan_hell_end]

Skill      XL: |  1  2  3  4  5  6  7 |
---------------+----------------------+-----
Axes           | 3 4 5 6 7 9 |  9.0
Armour         | 3 5 7 9 |  9.2
Shields        | 3 5 7 8 9 |  9.2
Fighting       | 4 5 6 7 8 10 | 10.1

Action                   |  1- 3 |  4- 6 |  7- 9 || total
-------------------------+-------+-------+-------++-------
Melee: War axe           |    29 |    20 |    41 ||    90
       Tailslap          |     2 |     3 |     5 ||    10
Evoke: Wand              |       |     5 |     4 ||     9
  Use: Potion            |     1 |     2 |     7 ||    10
       Scroll            |       |     1 |     1 ||     2
 Stab: Invisible         |       |     4 |     2 ||     6
Armor: Scale mail        |    13 |    10 |    27 ||    50
Dodge: Dodged            |    10 |     4 |    25 ||    39
Block: Buckler           |     8 |     3 |    15 ||    26

Table legend: (Time is in decaauts)
 A = Elapsed time spent in this place.
 B = Non-inter-level travel time spent in this place.
 C = Inter-level travel time spent in this place.
 D = Time resting spent in this place.
 E = Time spent auto-exploring this place.
 F = Levels seen in this place.
 G = Mean time per level.
                   A        B        C        D        E       F      G
               +--------+--------+--------+--------+--------+-----+--------+
         Total |    467 |    467 |      0 |    221 |      0 |   1 |  467.0 |
       Dungeon |    467 |    467 |      0 |    221 |      0 |   1 |  467.0 |
               +--------+--------+--------+--------+--------+-----+--------+

Top non-repeatable levels by time:
       D: 467 daAuts
